 Dungeon Crawl Stone Soup version 0.21-a0-504-g2eda330 (webtiles) character file.

7824 Lazav66 the Cleaver (level 11, 0/87 HPs)
             Began as a Hill Orc Fighter on Nov 25, 2017.
             Was a Believer of Hepliaklqana.
             Succumbed to a guardian serpent's bolt of poison
             ... on level 9 of the Dungeon.
             The game lasted 00:22:43 (9929 turns).

Lazav66 the Cleaver (Hill Orc Fighter)              Turns: 9929, Time: 00:22:43

Health: 0/87       AC: 12    Str: 29    XL:     11   Next: 21%
Magic:  16/16      EV: 13    Int:  8    God:    Hepliaklqana [**....]
Gold:   545        SH: 12    Dex: 13    Spells: 10/10 levels left

rFire    . . .     SeeInvis .   a - +1 war axe
rCold    . . .     Gourm    .   c - +0 shield
rNeg     . . .     Faith    .   S - +0 scale mail of Masochism {Str+9} (curse)
rPois    .         Spirit   .   i - +0 helmet
rElec    .         Reflect  .   r - +0 cloak
rCorr    .         Harm     .   p - +0 pair of gloves
MR       .....     Clarity  +   (no boots)
Stlth    ..........             Q - amulet of magic regeneration
HPRegen  0.24/turn              I - +4 ring of evasion
MPRegen  0.40/turn              (no ring)

@: lethally poisoned (0 -> -10), hasted and slowed
A: reduced essence, clarity, wild magic 1
a: Recall Ancestor, Ancestor Identity, Renounce Religion


You were on level 9 of the Dungeon.
You worshipped Hepliaklqana.
Hepliaklqana was pleased with you.
You were not hungry.

You visited 2 branches of the dungeon, and saw 10 of its levels.

You collected 545 gold pieces.

Inventory:

Hand Weapons
 a - a +1 war axe (weapon)
 q - a +1 whip of holy wrath
 B - a +1 whip of flaming
 K - a +1 dire flail of draining
Armour
 c - a +0 shield (worn)
 i - a +0 helmet (worn)
 p - a +0 pair of gloves (worn)
 r - a +0 cloak (worn)
 y - a +0 plate armour
 S - the cursed +0 scale mail of Masochism (worn) {Str+9}
   (You found it on level 9 of the Dungeon)

   It affects your strength (+9).
   It has a curse placed upon it.
Jewellery
 I - a +4 ring of evasion (left hand)
 Q - an amulet of magic regeneration (around neck)
Wands
 g - a wand of flame (13)
 t - a wand of enslavement (20)
 M - a wand of iceblast (9)
 R - a wand of polymorph (13)
Scrolls
 n - 3 scrolls of enchant armour
 o - a scroll of immolation
 s - 6 scrolls of identify
 w - a scroll of amnesia
 x - 2 scrolls of enchant weapon
 C - 2 scrolls of blinking {unknown}
 D - 2 scrolls of remove curse
 F - a scroll of fog {unknown}
 J - a scroll of torment {unknown}
 O - a scroll of teleportation
 P - a scroll of holy word {unknown}
Potions
 b - 2 potions of agility {unknown}
 d - 4 potions of might
 e - a potion of degeneration {unknown}
 h - 4 potions of mutation
 j - 3 potions of haste
 k - a potion of lignification {unknown}
 m - a potion of magic {unknown}
 u - 3 potions of resistance {unknown}
 z - 3 potions of curing {unknown}
 E - 3 potions of heal wounds {unknown}
 H - a potion of invisibility {unknown}
 L - a potion of berserk rage {unknown}
 N - a potion of brilliance {unknown}
Books
 l - a book of Geomancy

   Spells                             Type                      Level
   a - Sandblast                      Earth                        1
   b - Passwall                       Transmutation/Earth          2
   c - Stone Arrow                    Conjuration/Earth            3
   d - Petrify                        Transmutation/Earth          4
   e - Lee's Rapid Deconstruction     Earth                        5
Comestibles
 f - 11 bread rations
 v - 13 royal jellies
 A - 6 meat rations
 G - 4 fruits


   Skills:
 + Level 9.2 Fighting
 * Level 13.1 Axes
 + Level 8.6 Armour
 + Level 8.6 Shields
 + Level 7.3 Invocations


You had 10 spell levels left.
You didn't know any spells.

Dungeon Overview and Level Annotations

Branches:
Dungeon (9/15)             Temple (1/1) D:5            Lair (0/6) D:8
    Orc: D:9-12

Altars:
Ashenzari
Cheibriados
Dithmenos
Fedhas
Gozag
Hepliaklqana
Qazlal
Sif Muna
Trog
Uskayaw
Xom
Yredelemnul

Shops:
D:4 %   D:6 *


Innate Abilities, Weirdness & Mutations

Your life essence is reduced to manifest your ancestor. (-10% HP)
You possess an exceptional clarity of mind.
Your spells are a little harder to cast, but a little more powerful.


Message History

You are more poisoned.
You miss the guardian serpent.
The guardian serpent is severely wounded.
You feel sick.
You block the guardian serpent's attack.
The guardian serpent barely misses you.
You miss the guardian serpent.
The guardian serpent is severely wounded.
You feel sick. The guardian serpent hits you.
* * * LOW HITPOINT WARNING * * *
The guardian serpent coils itself and waves its upper body at you.
You resist with some effort.
You closely miss the guardian serpent.
The guardian serpent is severely wounded.
You feel sick.
The guardian serpent closely misses you.
The guardian serpent hits you!!
* * * LOW HITPOINT WARNING * * *
It was a potion of haste.
You feel yourself speed up.
You die...

..
##...#######
.. #..###
##. #### #..
#.# #.# #
##.# # #S.#
# #@## # #.#
# ##.# #..#
#.## #.#
########.# #
.........#
.##
........##
####..(#


You could see a guardian serpent.

Vanquished Creatures
  2 two-headed ogres
  Pikel (D:7)
  A guardian serpent (D:9)
  5 yaks
  2 wyverns
  A steam dragon (D:9)
  Edmund (D:6)
  3 porcupines (D:8)
  2 black bears
  Duvessa (D:6)
  7 ice beasts
  A sky beast (D:9)
  A phantom (D:5)
  An orc warrior (D:7)
  A centaur (D:5)
  3 ogres
  5 bullfrogs
  2 wyvern skeletons
  Dowan (D:6)
  A water moccasin skeleton (D:4)
  2 killer bees (D:7)
  4 howler monkeys
  A bullfrog zombie (D:9)
  A crimson imp (D:8)
  A quasit (D:5)
  2 hounds
  2 orc priests
  6 jellies
  4 orc wizards
  2 iguanas
  7 worker ants
  A howler monkey skeleton (D:5)
  2 worker ant zombies
  9 adders
  5 oozes
  An adder skeleton (D:5)
  3 worms (D:3)
  2 dart slugs
  5 leopard geckos
  17 orcs
  2 ball pythons
  3 giant cockroaches
  10 hobgoblins
  18 jackals
  12 kobolds
  3 quokkas
  9 bats
  10 frilled lizards
  7 goblins
  A jackal zombie (D:7)
  A leopard gecko zombie (D:7)
  10 rats
  6 fungi (D:8)
  2 plants (D:8)
213 creatures vanquished.

Vanquished Creatures (collateral kills)
  A hippogriff (D:9)
  Sigmund (D:6)
  A yak (D:7)
  A sky beast (D:9)
  An ogre (D:6)
  A bullfrog (D:6)
  2 scorpions
  A killer bee (D:7)
  A water moccasin skeleton (D:7)
  2 orc wizards (D:6)
  An ooze (D:8)
  An adder skeleton (D:6)
  4 orcs
  A quokka (D:8)
  A fungus (D:8)
  A plant (D:8)
21 creatures vanquished.

Vanquished Creatures (others)
  A slave (D:7)
  A black bear (D:7)
  A hound (D:7)
  2 hexers (D:9)
  A worker ant (D:7)
  2 ancestors (D:7)
  An adder skeleton (D:7)
  2 orcs (D:7)
  2 fungi (D:8)
13 creatures vanquished.

Grand Total: 247 creatures vanquished

Notes
Turn   | Place    | Note
-------+----------+-------------------------------------------
     0 | D:1      | Lazav66 the Hill Orc Fighter began the quest for the Orb.
     0 | D:1      | Reached XP level 1. HP: 19/19 MP: 1/1
   135 | D:1      | Reached skill level 3 in Axes
   135 | D:1      | Reached XP level 2. HP: 27/27 MP: 2/2
   441 | D:1      | Reached XP level 3. HP: 32/33 MP: 3/3
  1480 | D:2      | Reached skill level 4 in Axes
  1480 | D:2      | Reached XP level 4. HP: 38/40 MP: 4/4
  2130 | D:3      | Reached XP level 5. HP: 31/47 MP: 5/5
  2676 | D:3      | Reached skill level 5 in Axes
  2789 | D:3      | Reached XP level 6. HP: 44/53 MP: 6/6
  3849 | D:4      | Reached skill level 5 in Fighting
  3849 | D:4      | Reached skill level 6 in Axes
  4366 | D:4      | Found Testriuma's Food Shop.
  4376 | D:4      | Reached XP level 7. HP: 56/61 MP: 7/7
  4510 | D:5      | Entered Level 5 of the Dungeon
  4531 | D:5      | Reached skill level 5 in Armour
  4531 | D:5      | Reached skill level 5 in Shields
  4651 | D:5      | Found a bloodstained altar of Trog.
  4719 | D:5      | Reached skill level 7 in Axes
  4799 | D:5      | Found a basalt altar of Yredelemnul.
  4949 | D:5      | Reached XP level 8. HP: 70/70 MP: 8/8
  5020 | D:5      | Found a staircase to the Ecumenical Temple.
  5034 | Temple   | Entered the Ecumenical Temple
  5042 | Temple   | Became a worshipper of Hepliaklqana the Forgotten
  5076 | D:5      | Found a stormy altar of Qazlal.
  5393 | D:6      | Reached skill level 8 in Axes
  5486 | D:6      | Found Lule's Assorted Antiques.
  5838 | D:6      | Reached skill level 1 in Invocations
  5928 | D:6      | Noticed Dowan
  5930 | D:6      | Noticed Duvessa
  5933 | D:6      | Killed Dowan
  5942 | D:6      | Killed Duvessa
  5942 | D:6      | Reached skill level 9 in Axes
  6138 | D:6      | Found a deep blue altar of Sif Muna.
  6215 | D:6      | Noticed Edmund
  6230 | D:6      | Killed Edmund
  6250 | D:6      | Noticed Sigmund
  6268 | D:6      | Killed Sigmund
  6268 | D:6      | Reached XP level 9. HP: 67/70 MP: 9/11
  6567 | D:7      | Noticed Pikel
  6586 | D:7      | Killed Pikel
  6586 | D:7      | Reached skill level 10 in Axes
  6599 | D:7      | Reached * piety under Hepliaklqana
  6713 | D:7      | Reached skill level 11 in Axes
  6716 | D:7      | Gained mutation: You possess an exceptional clarity of mind. [potion of mutation]
  6716 | D:7      | Gained mutation: Your spells are a little harder to cast, but a little more powerful. [potion of mutation]
  7101 | D:7      | Reached XP level 10. HP: 56/79 MP: 13/13
  7106 | D:7      | Reached skill level 5 in Invocations
  7612 | D:8      | Found a hide-covered altar of Uskayaw.
  7612 | D:8      | Found a shadowy altar of Dithmenos.
  7760 | D:8      | Noticed a two-headed ogre
  7770 | D:8      | Killed a two-headed ogre
  8071 | D:8      | Found a staircase to the Lair.
  8092 | D:8      | Reached skill level 12 in Axes
  8436 | D:8      | Reached ** piety under Hepliaklqana
  8437 | D:8      | Remembered your ancestor Ilshubani as a hexer
  9231 | D:9      | Got a jewelled scale mail
  9242 | D:9      | Identified the cursed +0 scale mail of Masochism {Str+9} (You found it on level 9 of the Dungeon)
  9337 | D:9      | Reached XP level 11. HP: 76/85 MP: 16/16
  9849 | D:9      | Noticed a two-headed ogre
  9857 | D:9      | Killed a two-headed ogre
  9857 | D:9      | Reached skill level 13 in Axes
  9928 | D:9      | HP: 1/87 [guardian serpent (20)]
  9929 | D:9      | Succumbed to a guardian serpent's bolt of poison

Vault maps used:
D:1:      lightli_arrival_boilingwater, grunt_decor_fettered
D:4:      serial_shops, shop, first_bread, columned_hall_lemuel
D:5:      grunt_qazlal_clouds, yredelemnul_altar_generic, lemuel_doored_altar,
          minmay_temple_entry_grid, serial_co_window_serial, co_window_paths_a,
          co_window_corner_a, co_window_paths_a, co_window_corner_a,
          co_window_paths_a, co_window_broadway_b, co_window_2corner,
          co_window_broadway_b, co_window_broadway_b, glass_columns_a,
          glass_columns_c, glass_columns_c, glass_columns_a
D:6:      tgw_sif, serial_shops, nicolae_shop_statue_plus,
          sigmund_edmund_badplayer, uniq_duvessa
D:7:      uniq_pikel, uniq_crazy_yiuf_cottage
D:8:      grunt_temple_overflow_open, due_lair_maze_entry_diamond,
          hangedman_little_slice_of_home
D:9:      nrook_guardian_serpent_snake_passage
Temple:   eino_temple_rhombus

Skill      XL: |  1  2  3  4  5  6  7  8  9 10 11 |
---------------+----------------------------------+-----
Axes           | 3 4 5 6 7 9 11 12 13 | 13.1
Fighting       | 4 5 6 7 8 9 |  9.2
Shields        | 4 5 6 7 8 |  8.6
Armour         | 4 5 6 7 8 |  8.6
Invocations    | 2 4 6 7 |  7.3

Action                   |  1- 3 |  4- 6 |  7- 9 | 10-12 || total
-------------------------+-------+-------+-------+-------++-------
Melee: War axe           |   228 |   444 |   295 |   219 ||  1186
Invok: Ancestor Identity |       |       |     1 |       ||     1
       Ancestor Life: He |       |       |       |     1 ||     1
  Use: Scroll            |       |     6 |     3 |       ||     9
       Potion            |       |       |     1 |     1 ||     2
 Stab: Distracted        |       |       |     2 |     1 ||     3
       Confused          |       |       |       |     2 ||     2
  Eat: Chunk             |     2 |    11 |     9 |     8 ||    30
       Fruit             |       |       |       |     1 ||     1
Armor: Scale mail        |   139 |    43 |       |     9 ||   191
       Plate armour      |       |   359 |   194 |    63 ||   616
Dodge: Dodged            |    85 |   101 |    47 |    40 ||   273
Block: Shield            |   128 |   288 |   156 |    92 ||   664

Table legend:
 A = Spawn XP
 B = Non-spawn XP
 C = Spawn XP percentage of total XP
 D = Spawn monster count
 E = Non-spawn monster count
 F = Spawn count percentage of total count
 G = Total turns spent on level
                    A         B        C        D         E        F      G
               +---------+---------+-------+---------+---------+-------+---------
         Total |       0 |   11178 |   0.0 |       0 |     224 |   0.0 |  9929
               +---------+---------+-------+---------+---------+-------+---------
           D:1 |       0 |      47 |   0.0 |       0 |      29 |   0.0 |   870
           D:2 |       0 |      71 |   0.0 |       0 |      25 |   0.0 |  1074
           D:3 |       0 |     221 |   0.0 |       0 |      34 |   0.0 |  1328
           D:4 |       0 |     382 |   0.0 |       0 |      23 |   0.0 |  1238
           D:5 |       0 |     518 |   0.0 |       0 |      12 |   0.0 |   852
           D:6 |       0 |    1317 |   0.0 |       0 |      21 |   0.0 |   993
           D:7 |       0 |    2562 |   0.0 |       0 |      27 |   0.0 |  1159
           D:8 |       0 |    2734 |   0.0 |       0 |      28 |   0.0 |  1539
           D:9 |       0 |    3326 |   0.0 |       0 |      25 |   0.0 |   860
               +---------+---------+-------+---------+---------+-------+---------
